 Dungeon Crawl Stone Soup version 0.31-a0-845-g9abc20d (webtiles) character file.

Game seed: 9581892477335009140

65 Meow the Conjurer (level 4, 36/36 HPs)
             Began as a Naga Conjurer on Oct 1, 2023.
             Quit the game on level 3 of the Dungeon.
             The game lasted 00:06:46 (2067 turns).

Meow the Conjurer (Naga Conjurer)                   Turns: 2067, Time: 00:06:47

Health: 36/36      AC:  2    Str: 10    XL:     4   Next: 14%
Magic:  5/8        EV:  9    Int: 20    God:
Gold:   134        SH:  0    Dex:  9    Spells: 6/9 levels left

rFire   . . .        a - +0 sling
rCold   . . .        (no shield)
rNeg    . . .        c - +0 robe
rPois   +            (no helmet)
rElec   .            (no cloak)
rCorr   .            (no gloves)
SInv    +            (no barding)
Will    .....        (no amulet)
Stlth   ++           (no ring)
HPRegen 0.26/turn    (no ring)
MPRegen 0.11/turn

%: no passive effects
@: short of breath, very slow
A: AC +1, large, see invisible, deformed body, poison resistance, slowness 2,
spit poison 1, naga tail 1
a: Spit Poison


You were on level 3 of the Dungeon.
You visited 1 branch of the dungeon, and saw 3 of its levels.

You collected 134 gold pieces.

Inventory:

Hand Weapons
 a - a +0 sling (weapon)
Missiles
 e - 2 boomerangs
 k - 15 stones
Armour
 c - a +0 robe (worn)
Scrolls
 f - a scroll of revelation {unknown}
 g - a scroll of identify {unknown}
 j - a scroll of brand weapon {unknown}
 o - a scroll of fog {unknown}
Potions
 b - 2 potions of magic
 h - 3 potions of degeneration {unknown}
 i - a potion of berserk rage {unknown}
 l - 2 potions of invisibility {unknown}
 m - a potion of enlightenment {unknown}
 n - a potion of resistance {unknown}


   Skills:
 - Level 1.5 Dodging
 - Level 3.0 Stealth
 + Level 3.1 Spellcasting
 + Level 4.8 Conjurations


You had 6 spell levels left.
You knew the following spells:

 Your Spells              Type           Power      Damage    Failure   Level
a - Magic Dart            Conj           88%        1d7       1%          1
b - Searing Ray           Conj           44%        2d6       3%          2

Your spell library contained the following spells:

 Spells                   Type           Power      Damage    Failure   Level
 Apportation              Tloc           6%         N/A       14%         1
 Necrotise                Necr           12%        1d4       14%         1
 Summon Small Mammal      Summ           12%        N/A       14%         1
 Dazzling Flash           Conj/Hex       24%        N/A       16%         3
 Fulminant Prism          Conj/Hex       6%         3d7       45%         4
 Iskenderun's Mystic Bla  Conj/Tloc      12%        2d5       45%         4


Dungeon Overview and Level Annotations

Branches:
Dungeon (3/15)

Altars:

Shops:
D:2 (?


Innate Abilities, Weirdness & Mutations

Your serpentine skin is tough. (AC +1)
You have supernaturally acute eyesight. (SInv)
Armour fits poorly on your strangely shaped body.
Your system is resistant to poisons. (rPois)
You cover ground very slowly.
You can spit poison.
You have a snake-like lower body.


Message History

The hobgoblin hits you.
You have got your breath back.
You kill the hobgoblin!
Casting: Magic Dart (safe; 1% risk of failure)
Confirm with . or Enter, or press ? or * to list all spells.
Aiming: Searing Ray (safe; 3% risk of failure)
Press: ? - help, Shift-Dir - straight line, f - endoplasm
Aim: an endoplasm (98% to hit)
The searing ray hits the endoplasm.
You kill the endoplasm! (Press . to maintain the ray.) Unknown command.
There is a stone staircase leading up here.
You start resting.
An adder comes into view.
Unknown command.
You climb upwards.
There is a stone staircase leading down here.
You start resting.
Magic restored.
You climb downwards.
There is a stone staircase leading up here.
Aiming: Spit Poison (2% risk of failure)
Press: ? - help, Shift-Dir - straight line, f - adder
Aim: an adder (wandering, hasn't noticed you, 37% to hit)
The splash of poison hits the adder.
The adder is poisoned.
The adder is moderately wounded.
The adder hisses angrily.
Unknown command.
Casting: Searing Ray (safe; 3% risk of failure)
Confirm with . or Enter, or press ? or * to list all spells.
Aiming: Searing Ray (safe; 3% risk of failure)
Press: ? - help, Shift-Dir - straight line, f/p - adder
Aim: an adder (moderately wounded, poisoned, 63% to hit)
The searing ray hits the adder!
You kill the adder! (Press . to maintain the ray.)
You have reached level 4!
You feel stronger.
Are you sure you want to abandon this character and quit the game? (Confirm with "yes".)

.......#..).).
#.......#.....
#.......#.#.. #
####........... .#
.>...........#..###
#...†.....#......#
#.........$##.....
#...........).....
#@................
#....<...........=
#.......>.†.......
##..........###....
######...........#
####
.................#
##...............#
#...............#
#......=.....####


There were no monsters in sight!

Vanquished Creatures
  An adder (D:3)
  A worm (D:2)
  A ball python (D:1)
  3 bats
  6 endoplasms
  2 giant cockroaches
  8 goblins
  6 hobgoblins
  4 quokkas (D:1)
  4 frilled lizards
  5 kobolds
  8 rats
49 creatures vanquished.

Notes
Turn   | Place    | Note
-------+----------+-------------------------------------------
     0 | D:1      | Meow the Naga Conjurer began the quest for the Orb.
     0 | D:1      | Reached XP level 1. HP: 15/15 MP: 3/3
   118 | D:1      | Reached XP level 2. HP: 22/22 MP: 1/5
   123 | D:1      | Learned a level 2 spell: Searing Ray
   556 | D:1      | Found a faded altar of an unknown god.
   805 | D:1      | Reached XP level 3. HP: 28/28 MP: 2/6
   982 | D:2      | Found Roifung's Antique Weapon Boutique.
  1209 | D:2      | Found The Oracle's Delphic Readings.
  2067 | D:3      | Reached XP level 4. HP: 36/36 MP: 5/8
  2067 | D:3      | Quit the game

Illustrated notes

Levels and vault maps discovered:
D:1:      shiori_shiawase, layout_basic, hellmonk_ecumenical_altar_heavens_door,
          minmay_strange_pillars
D:2:      minmay_door_path, layout_loops_ring, serial_shops, shop,
          nrook_loot_triangle, nicolae_nh_oracle_at_delphi
D:3:      layout_rooms, grunt_qazlal_clouds, minmay_close_crescents,
          uniq_sigmund

Skill      XL: |  1  2  3 |
---------------+----------+-----
Spellcasting   | 3 |  3.1
Dodging        | |  1.5
Stealth        | |  3.0
Conjurations   | |  4.8

Action                     |  1- 3 |  4- 6 || total
---------------------------+-------+-------++-------
   Fire: Sling             |     1 |       ||     1
   Cast: Magic Dart        |    53 |       ||    53
         Searing Ray       |     7 |       ||     7
Ability: Spit Poison       |    28 |       ||    28
    Use: Scroll            |     1 |       ||     1
 Armour: Robe              |     6 |       ||     6
  Dodge: Dodged            |     6 |       ||     6

Table legend: (Time is in decaauts)
 A = Elapsed time spent in this place.
 B = Non-inter-level travel time spent in this place.
 C = Inter-level travel time spent in this place.
 D = Time resting spent in this place.
 E = Time spent auto-exploring this place.
 F = Levels seen in this place.
 G = Mean time per level.
                   A        B        C        D        E       F      G
               +--------+--------+--------+--------+--------+-----+--------+
         Total |   2551 |   2512 |     39 |    693 |   1407 |   3 |  850.3 |
       Dungeon |   2551 |   2512 |     39 |    693 |   1407 |   3 |  850.3 |
               +--------+--------+--------+--------+--------+-----+--------+

Top non-repeatable levels by time:
     D:2: 1335 daAuts
     D:1: 1108 daAuts
     D:3: 108 daAuts
